3AAA
BRINKLEY BELUGAS @ WILMINGTON BAY HAWKS
05/13/2019
 
TOP OF THE 1ST
Brinkley Belugas batting - Pitching for Wilmington Bay Hawks : RHP Jim Unknown
Pitching: RHP Jim Unknown
Batting: RHB Javier Garza 0-0: Ball
1-0: Called Strike
1-1: Ground out 5-3 (Groundball, 5)
Batting: SHB Edgar Cantú 0-0: Foul Ball, location: 2F
0-1: Foul Ball, location: 2F
0-2: Ball
1-2: Strikes out swinging
Batting: LHB Ramón Hernández 0-0: SINGLE (Groundball, 6MD)
Batting: SHB Alfonso Torres 0-0: Ball
1-0: SINGLE (Line Drive, 4MD)
Ramón Hernández to second
Batting: RHB Michael Collins 0-0: Called Strike
0-1: SINGLE (Line Drive, 7S)
Ramón Hernández to third
Alfonso Torres to second
Batting: RHB Edward Baker 0-0: Called Strike
0-1: Called Strike
0-2: Strikes out swinging
Top of the 1st over - 0 run(s), 3 hit(s), 0 error(s), 3 left on base; Brinkley 0 - Wilmington 0
BOTTOM OF THE 1ST
Wilmington Bay Hawks batting - Pitching for Brinkley Belugas : RHP Aurélien Godet
Pitching: RHP Aurélien Godet
Batting: RHB Jim Unknown 0-0: Fly out, F7 (Flyball, 78M)
Batting: RHB Jorge Rocha 0-0: Ball
1-0: Called Strike
1-1: SINGLE (Line Drive, 6M)
Batting: SHB Jim Unknown 0-0: Ball
1-0: Foul Ball, location: 2F
1-1: Called Strike
1-2: Ball
2-2: Foul Ball, location: 2F
2-2: Strikes out swinging
Batting: RHB Jim Unknown 0-0: Ball
1-0: Foul Ball, location: 2F
1-1: TRIPLE (Line Drive, 7LM)
Jorge Rocha scores
Batting: SHB José Martínez 0-0: Fly out, F4 (Popup, 4S)
Bottom of the 1st over - 1 run(s), 2 hit(s), 0 error(s), 1 left on base; Brinkley 0 - Wilmington 1
TOP OF THE 2ND
Brinkley Belugas batting - Pitching for Wilmington Bay Hawks : RHP Jim Unknown
Batting: RHB Jack O'Brien 0-0: Ball
1-0: Ball
2-0: Ball
3-0: Base on Balls
Batting: RHB Justin Roberts 0-0: Foul Ball, location: 2F
0-1: Called Strike
0-2: Strikes out swinging
Batting: LHB Jim Unknown 0-0: Ball
1-0: 2-RUN HOME RUN (Flyball, 9LD), Distance : 334 ft
Batting: RHB Javier Garza 0-0: Ball
1-0: Ball
2-0: Swinging Strike
2-1: Called Strike
2-2: Strikes out swinging
Batting: SHB Edgar Cantú 0-0: Called Strike
0-1: Called Strike
0-2: Foul Ball, location: 2F
0-2: Foul Ball, location: 2F
0-2: Ball
1-2: Ball
2-2: Foul Ball, location: 2F
2-2: Foul Ball, location: 2F
2-2: Ball
3-2: Foul Ball, location: 2F
3-2: Foul Ball, location: 2F
3-2: SINGLE (Groundball, 56) (infield hit)
Batting: LHB Ramón Hernández 0-0: Ball
1-0: Fly out, F9 (Flyball, 9LD)
Top of the 2nd over - 2 run(s), 2 hit(s), 0 error(s), 1 left on base; Brinkley 2 - Wilmington 1
BOTTOM OF THE 2ND
Wilmington Bay Hawks batting - Pitching for Brinkley Belugas : RHP Aurélien Godet
Batting: RHB Jim Unknown 0-0: Called Strike
0-1: Ball
1-1: Foul Ball, location: 2F
1-2: Foul Ball, location: 2F
1-2: Ball
2-2: Foul Ball, location: 2F
2-2: Foul Ball, location: 2F
2-2: Foul Ball, location: 2F
2-2: Foul Ball, location: 2F
2-2: Strikes out swinging
Batting: RHB Christian O'Neal 0-0: Ball
1-0: Ball
2-0: Ground out 6-3 (Groundball, 56)
Batting: SHB Jim Unknown 0-0: Called Strike
0-1: Swinging Strike
0-2: Ball
1-2: Foul Ball, location: 2F
1-2: Ball
2-2: Ground out 6-3 (Groundball, 6M)
Bottom of the 2nd over - 0 run(s), 0 hit(s), 0 error(s), 0 left on base; Brinkley 2 - Wilmington 1
TOP OF THE 3RD
Brinkley Belugas batting - Pitching for Wilmington Bay Hawks : RHP Jim Unknown
Batting: SHB Alfonso Torres 0-0: Ground out 4-3 (Groundball, 4M)
Batting: RHB Michael Collins 0-0: Ball
1-0: Swinging Strike
1-1: Fly out, F9 (Line Drive, 9S)
Batting: RHB Edward Baker 0-0: Foul Ball, location: 2F
0-1: Ball
1-1: Swinging Strike
1-2: Strikes out looking
Top of the 3rd over - 0 run(s), 0 hit(s), 0 error(s), 0 left on base; Brinkley 2 - Wilmington 1
BOTTOM OF THE 3RD
Wilmington Bay Hawks batting - Pitching for Brinkley Belugas : RHP Aurélien Godet
Batting: RHB Jim Unknown 0-0: Called Strike
0-1: Ball
1-1: Ball
2-1: Foul Ball, location: 2F
2-2: Strikes out swinging
Batting: RHB Jim Unknown 0-0: Ball
1-0: Called Strike
1-1: SOLO HOME RUN (Flyball, 89XD), Distance : 400 ft
Batting: RHB Jorge Rocha 0-0: Ball
1-0: Swinging Strike
1-1: SOLO HOME RUN (Flyball, 7D), Distance : 385 ft
Batting: SHB Jim Unknown 0-0: Foul Ball, location: 2F
0-1: Ball
1-1: Ball
2-1: Ball
3-1: Foul Ball, location: 2F
3-2: Base on Balls
Batting: RHB Jim Unknown 0-0: Ball
1-0: Ball
2-0: Grounds into double play, 5-4-3 (Groundball, 5)
Bottom of the 3rd over - 2 run(s), 2 hit(s), 0 error(s), 0 left on base; Brinkley 2 - Wilmington 3
TOP OF THE 4TH
Brinkley Belugas batting - Pitching for Wilmington Bay Hawks : RHP Jim Unknown
Batting: RHB Jack O'Brien 0-0: Foul Ball, location: 2F
0-1: Foul Ball, location: 2F
0-2: Ball
1-2: Ball
2-2: Ball
3-2: Strikes out looking
Batting: RHB Justin Roberts 0-0: Called Strike
0-1: Called Strike
0-2: Ball
1-2: Strikes out swinging
Batting: LHB Jim Unknown 0-0: Ball
1-0: Fly out, F8 (Flyball, 8LD)
Top of the 4th over - 0 run(s), 0 hit(s), 0 error(s), 0 left on base; Brinkley 2 - Wilmington 3
BOTTOM OF THE 4TH
Wilmington Bay Hawks batting - Pitching for Brinkley Belugas : RHP Aurélien Godet
Batting: SHB José Martínez 0-0: Foul Ball, location: 2F
0-1: Foul Ball, location: 2F
0-2: Ground out 4-3 (Groundball, 4M)
Batting: RHB Jim Unknown 0-0: Ball
1-0: Ball
2-0: Foul Ball, location: 2F
2-1: Ball
3-1: SINGLE (Popup, 8RS)
Batting: RHB Christian O'Neal 0-0: Foul Ball, location: 2F
0-1: Ball
1-1: Swinging Strike
1-2: SINGLE (Flyball, 78S)
Jim Unknown to second
Batting: SHB Jim Unknown 0-0: Called Strike
0-1: Foul Ball, location: 2F
0-2: Ball
1-2: Ball
2-2: Ball
3-2: Strikes out swinging
Batting: RHB Jim Unknown 0-0: Ball
1-0: Swinging Strike
1-1: Ball
2-1: Called Strike
2-2: Ball
3-2: Base on Balls
Jim Unknown to third
Christian O'Neal to second
Batting: RHB Jim Unknown 0-0: SINGLE (Groundball, 56D)
Jim Unknown scores
Christian O'Neal to third
Jim Unknown to second
Runner from 3rd tries for Home, SAFE, no throw or cutoff
Batting: RHB Jorge Rocha 0-0: Ball
1-0: Ball
2-0: Called Strike
2-1: Called Strike
2-2: Ball
3-2: Strikes out looking
Bottom of the 4th over - 2 run(s), 3 hit(s), 0 error(s), 2 left on base; Brinkley 2 - Wilmington 5
TOP OF THE 5TH
Brinkley Belugas batting - Pitching for Wilmington Bay Hawks : RHP Jim Unknown
Batting: RHB Javier Garza 0-0: Called Strike
0-1: Called Strike
0-2: Ball
1-2: Ball
2-2: Foul Ball, location: 2F
2-2: Foul Ball, location: 2F
2-2: Ball
3-2: DOUBLE (Flyball, 7M)
Batting: SHB Edgar Cantú 0-0: Ball
1-0: Called Strike
1-1: Ground out 6-3 (Groundball, 6M)
Javier Garza to third
Batting: LHB Ramón Hernández 0-0: Called Strike
0-1: Ball
Wild Pitch!
Javier Garza scores
1-1: Ball
2-1: Foul Ball, location: 2F
2-2: Ball
3-2: Ground out 5-3 (Groundball, 5S)
Batting: SHB Alfonso Torres 0-0: Ball
1-0: Ball
2-0: Foul Ball, location: 2F
2-1: Fly out, F9 (Flyball, 9LD)
Top of the 5th over - 1 run(s), 1 hit(s), 0 error(s), 0 left on base; Brinkley 3 - Wilmington 5
BOTTOM OF THE 5TH
Wilmington Bay Hawks batting - Pitching for Brinkley Belugas : RHP Aurélien Godet
Batting: SHB Jim Unknown 0-0: Swinging Strike
0-1: Foul Ball, location: 2F
0-2: Foul Ball, location: 2F
0-2: Ball
1-2: Strikes out swinging
Batting: RHB Jim Unknown 0-0: Ball
1-0: Foul Ball, location: 2F
1-1: Ball
2-1: Ball
3-1: Foul Ball, location: 2F
3-2: Ground out 5-3 (Groundball, 5L)
Batting: SHB José Martínez 0-0: Ball
1-0: Called Strike
1-1: Ball
2-1: Called Strike
2-2: Foul Ball, location: 2F
2-2: Ball
3-2: Foul Ball, location: 2F
3-2: Base on Balls
Batting: RHB Jim Unknown 0-0: Foul Ball, location: 2F
0-1: Swinging Strike
0-2: Foul Ball, location: 2F
0-2: Ball
1-2: Ball
2-2: Ball
3-2: Strikes out swinging
Bottom of the 5th over - 0 run(s), 0 hit(s), 0 error(s), 1 left on base; Brinkley 3 - Wilmington 5
TOP OF THE 6TH
Brinkley Belugas batting - Pitching for Wilmington Bay Hawks : RHP Jim Unknown
Batting: RHB Michael Collins 0-0: Ball
1-0: Ball
2-0: Ball
3-0: Base on Balls
Batting: RHB Edward Baker 0-0: Foul Ball, location: 2F
0-1: Ball
1-1: Ball
2-1: SINGLE (Flyball, 7S)
Michael Collins to second
Batting: RHB Jack O'Brien 0-0: SINGLE (Line Drive, 78S)
Michael Collins to third
Edward Baker to second
Batting: RHB Justin Roberts 0-0: Fly out, F7 (Flyball, 7M)
Runner from 3rd tags up, SCORES, throw made
Batting: LHB Jim Unknown 0-0: Called Strike
0-1: Fly out, F8 (Flyball, 8RM)
Batting: RHB Javier Garza 0-0: Called Strike
0-1: Fly out, F9 (Line Drive, 89M)
Top of the 6th over - 1 run(s), 2 hit(s), 0 error(s), 2 left on base; Brinkley 4 - Wilmington 5
BOTTOM OF THE 6TH
Wilmington Bay Hawks batting - Pitching for Brinkley Belugas : RHP Aurélien Godet
Batting: RHB Christian O'Neal 0-0: SINGLE (Line Drive, 7LS)
Batting: SHB Jim Unknown 0-0: Fielders Choice at 2nd, 4-6 (Groundball, 4)
Batting: RHB Jim Unknown 0-0: Called Strike
0-1: Ball
1-1: Ball
2-1: DOUBLE (Flyball, 8RD)
Jim Unknown to third
Runner from 3rd tries for Home, SAFE, no throw or cutoff
Pitching: RHP Jim Unknown
Batting: RHB Jim Unknown 0-0: Called Strike
0-1: Foul Ball, location: 2F
0-2: Ball
1-2: Ball
2-2: Foul Ball, location: 2F
2-2: Fly out, F1 (Popup, 15S)
Batting: RHB Jorge Rocha 0-0: Foul Ball, location: 2F
0-1: SINGLE (Flyball, 8LS)
Jim Unknown to third
Runner from 3rd tries for Home, SAFE, no throw or cutoff
Batting: SHB Jim Unknown 0-0: Foul Ball, location: 2F
0-1: Ball
1-1: Ball
2-1: Foul Ball, location: 2F
2-2: Strikes out swinging
Bottom of the 6th over - 2 run(s), 3 hit(s), 0 error(s), 1 left on base; Brinkley 4 - Wilmington 7
TOP OF THE 7TH
Brinkley Belugas batting - Pitching for Wilmington Bay Hawks : RHP Jim Unknown
Batting: SHB Edgar Cantú 0-0: Foul Ball, location: 2F
0-1: Foul Ball, location: 2F
0-2: Foul Ball, location: 2F
0-2: Ground out 6-3 (Groundball, 6M)
Batting: LHB Ramón Hernández 0-0: Swinging Strike
0-1: Ball
1-1: Ball
2-1: SOLO HOME RUN (Flyball, 8RXD), Distance : 434 ft
Pitching: RHP Jim Unknown
Batting: SHB Alfonso Torres 0-0: Called Strike
0-1: Ball
1-1: Ball
2-1: Swinging Strike
2-2: Ball
3-2: Base on Balls
Batting: RHB Michael Collins 0-0: Ball
Wild Pitch!
Alfonso Torres to second
1-0: Called Strike
1-1: Called Strike
1-2: Ball
2-2: Ground out 5-3 (Groundball, 5S)
Alfonso Torres to third
Batting: RHB Edward Baker 0-0: Ball
1-0: Fly out, F3 (Popup, 4)
Top of the 7th over - 1 run(s), 1 hit(s), 0 error(s), 1 left on base; Brinkley 5 - Wilmington 7
BOTTOM OF THE 7TH
Wilmington Bay Hawks batting - Pitching for Brinkley Belugas : RHP Jim Unknown
Batting: RHB Jim Unknown 0-0: Ground out 1-3 (Groundball, 13)
Batting: SHB José Martínez 0-0: Ball
1-0: Called Strike
1-1: Called Strike
1-2: Fly out, F9 (Line Drive, 9M)
Batting: RHB Jim Unknown 0-0: Ball
1-0: Ball
2-0: Ball
3-0: Called Strike
3-1: SINGLE (Groundball, 5D)
Batting: RHB Christian O'Neal 0-0: SINGLE (Line Drive, 6MD)
Jim Unknown to second
Batting: SHB Jim Unknown 0-0: Foul Ball, location: 2F
0-1: Swinging Strike
0-2: Ball
1-2: Strikes out looking
Bottom of the 7th over - 0 run(s), 2 hit(s), 0 error(s), 2 left on base; Brinkley 5 - Wilmington 7
TOP OF THE 8TH
Brinkley Belugas batting - Pitching for Wilmington Bay Hawks : RHP Jim Unknown
Batting: RHB Jack O'Brien 0-0: Called Strike
0-1: Ball
1-1: Called Strike
1-2: Ball
2-2: Ball
3-2: Strikes out looking
Batting: RHB Justin Roberts 0-0: Fly out, F8 (Flyball, 8RM)
Batting: LHB Jim Unknown 0-0: Called Strike
0-1: Ball
1-1: Ground out 6-3 (Groundball, 6M)
Top of the 8th over - 0 run(s), 0 hit(s), 0 error(s), 0 left on base; Brinkley 5 - Wilmington 7
BOTTOM OF THE 8TH
Wilmington Bay Hawks batting - Pitching for Brinkley Belugas : RHP Jim Unknown
Batting: RHB Jim Unknown 0-0: Called Strike
0-1: Ground out 5-3 (Groundball, 56S)
Pitching: RHP Jim Unknown
Batting: RHB Jim Unknown 0-0: Fly out, F9 (Flyball, 9M)
Batting: RHB Jorge Rocha 0-0: Foul Ball, location: 2F
0-1: Ball
1-1: Foul Ball, location: 2F
1-2: Ball
2-2: Strikes out swinging
Bottom of the 8th over - 0 run(s), 0 hit(s), 0 error(s), 0 left on base; Brinkley 5 - Wilmington 7
TOP OF THE 9TH
Brinkley Belugas batting - Pitching for Wilmington Bay Hawks : RHP Jim Unknown
Pitching: RHP Jim Unknown
Batting: RHB Javier Garza 0-0: Ball
1-0: Ball
2-0: Fly out, F7 (Flyball, 7M)
Batting: SHB Edgar Cantú 0-0: Foul Ball, location: 2F
0-1: Called Strike
0-2: Ball
1-2: Ball
2-2: Ball
3-2: Fly out, F8 (Flyball, 8LM)
Batting: LHB Ramón Hernández 0-0: Ball
1-0: Ball
2-0: Swinging Strike
2-1: Ball
3-1: Called Strike
3-2: Strikes out swinging
Top of the 9th over - 0 run(s), 0 hit(s), 0 error(s), 0 left on base; Brinkley 5 - Wilmington 7
This league is powered by Out of the Park Baseball, the baseball management simulation game for PC, Mac and Linux
Saturday, July 25th, 2015 - OOTP Baseball 15.6 Build 34